 Dungeon Crawl Stone Soup version 0.29.1-1-gd02db6906a (webtiles) character file.

Game seed: 8333525412578014895

8656 CodingLynx the Spear-Bearer (level 11, -11/102 HPs)
             Began as a Minotaur Berserker on Oct 3, 2022.
             Was an Elder of Trog.
             Killed from afar by a deep elf pyromancer (22 damage)
             ... with a bolt of fire
             ... on level 1 of the Orcish Mines on Oct 4, 2022.
             The game lasted 01:00:11 (12794 turns).

CodingLynx the Spear-Bearer (Minotaur Berserker)   Turns: 12794, Time: 01:00:12

Health: -11/102    AC: 12    Str: 31    XL:     11   Next: 12%
Magic:  10/10      EV: 11    Int:  3    God:    Trog [****..]
Gold:   620        SH:  0    Dex:  8    Spells: 10/10 levels left

rFire   . . .      SeeInvis .   k - +3 spear (vorpal)
rCold   + + .      Faith    .   (no shield)
rNeg    . . .      Spirit   .   C - +2 scale mail {rC+}
rPois   +          Reflect  .   (helmet restricted)
rElec   .          Harm     .   (no cloak)
rCorr   .          Rampage  .   c - +0 pair of gloves
Will    .....                   (no boots)
Stlth   ..........              (no amulet)
HPRegen 0.27/turn               m - ring of protection from cold
MPRegen 0.12/turn               q - ring of poison resistance

@: on berserk cooldown, slowed, very slow
A: horns 2, retaliatory headbutt, strong 1
a: Renounce Religion, Berserk, Trog's Hand, Brothers in Arms


You were on level 1 of the Orcish Mines.
You worshipped Trog.
Trog was greatly pleased with you.
You visited 2 branches of the dungeon, and saw 11 of its levels.
You also visited: Bailey.

You collected 664 gold pieces.
You spent 44 gold pieces at shops.

Inventory:

Hand Weapons
 a - a +1 spear of venom
 b - a +1 sling of flaming
 e - a +3 morningstar of pain
 i - a +0 vampiric halberd
 k - a +3 vorpal spear (weapon)
Missiles
 f - 56 stones
 j - 7 curare-tipped darts
 l - 3 throwing nets
 o - 12 boomerangs (quivered)
Armour
 c - a +0 pair of gloves (worn)
 C - a +2 scale mail of cold resistance (worn)
Jewellery
 m - a ring of protection from cold (left hand)
 q - a ring of poison resistance (right hand)
Wands
 n - a wand of light (8)
 u - a wand of iceblast (9)
 y - a wand of flame (24)
 D - a wand of paralysis (7)
 J - a wand of digging (4)
Scrolls
 d - 5 scrolls of teleportation
 r - a scroll of fog
 x - 2 scrolls of fear
 I - a scroll of blinking
Potions
 g - 4 potions of curing
 h - 5 potions of invisibility
 p - 3 potions of brilliance
 s - a potion of berserk rage
 t - 4 potions of might
 v - a potion of ambrosia
 w - a potion of lignification
 z - a potion of haste
 B - a potion of cancellation
 E - a potion of resistance
 F - a potion of attraction {unknown}
 H - a potion of flight {unknown}


   Skills:
 + Level 11.0 Fighting
 * Level 14.8 Polearms
 + Level 10.7 Armour
 - Level 2.5 Dodging


You had 10 spell levels left.
You didn't know any spells.
Your spell library contained the following spells:

 Spells                   Type           Power      Damage    Failure   Level
 Sting                    Tmut/Pois      0%         1d3       71%         1
 Blink                    Tloc           0%         N/A       85%         2
 Poisonous Vapours        Pois/Air       0%         N/A       85%         2
 Lesser Beckoning         Tloc           0%         N/A       97%         3
 Olgreb's Toxic Radiance  Pois           0%         N/A       100%        4
 Manifold Assault         Tloc           0%         N/A       100%        5


Dungeon Overview and Level Annotations

Branches:
Dungeon (10/15)            Temple (0/1) D:6            Lair (0/5) D:10
    Orc (1/2) D:10         Bailey (visited)

Altars:
Ashenzari
Fedhas
Makhleb
Qazlal
Ru
Sif Muna
Trog
Uskayaw

Shops:
D:6 :   D:8 **(


Innate Abilities, Weirdness & Mutations

You have a pair of horns on your head.
You reflexively headbutt those who attack you in melee.
Your muscles are strong. (Str +4, Int/Dex -1)


Message History

The deep elf zephyrmancer points at you and mumbles some strange words.
The bolt of lightning misses you.
Okay, then.
The deep elf zephyrmancer casts a spell at you.
The bolt of lightning misses you.
You feel your anger nearly subside.
You are no longer berserk.
You are exhausted.
You feel yourself slow down.
You see here a +0 hand axe.
Things that are here:
a +0 dagger; a +0 flail
Things that are here:
a +0 leather armour; a +0 morningstar The deep elf zephyrmancer gestures wildly while chanting.
The deep elf zephyrmancer blinks!
There is a staircase back to the Dungeon, spattered with blood here.
The fire elemental hits you. The fire elemental burns you!
The fire elemental barely misses you.
You climb upwards.
Welcome back to the Dungeon!
There is a staircase to the Orcish Mines, spattered with blood here.
You climb downwards.
Welcome back to the Orcish Mines!
The fire elemental barely misses you. You furiously retaliate!
You headbutt the fire elemental!
The deep elf zephyrmancer gestures at you while chanting.
The bolt of lightning misses the fire elemental.
The bolt of lightning hits you! The fire elemental closely misses you.
You furiously retaliate!
You headbutt the fire elemental! The fire elemental closely misses you.
The fire elemental hits you. The fire elemental burns you!
There is a staircase back to the Dungeon, spattered with blood here.
The fire elemental hits you. The fire elemental burns you!
* * * LOW HITPOINT WARNING * * *
The deep elf pyromancer closely misses you.
The fire elemental hits you. The fire elemental burns you!
* * * LOW HITPOINT WARNING * * *
The fire elemental hits you. The fire elemental burns you!
* * * LOW HITPOINT WARNING * * *
The deep elf pyromancer points at you and mumbles some strange words.
The bolt of fire hits you!!
You die...

...##.....#.......#.......#
..#..............#........##
...........................#
..#.#.#.....>..............## ###
..####..........#...........###.#
.............#.##[...........#...
..☼E......#..............#.......
#.........#..)e[..#.....###.##.#
≈~#........e..°E@E.[....##.######
≈≈~..°.○.....°))............#
~#≈.....☼...>...)[)........##
#≈.e..................#...##
e≈#.#.................##....#
e≈#..................##....##
≈≈≈#........##.......###.#.##
#~~#........................#
~~.#.........#...#.......#.##


You could see a deep elf pyromancer, a deep elf zephyrmancer and 2 fire
elementals.

Vanquished Creatures
  A boulder beetle (D:10)
  Harold (D:9)
  A two-headed ogre (D:5)
  A deep elf pyromancer (Orc:1)
  An orc knight (D:10)
  Maggie (D:9)
  A gargoyle (Bailey)
  Psyche (D:8)
  A troll (D:9)
  A hornet (D:9)
  2 wyverns
  A yak (D:5)
  A vampire (Bailey)
  A warg (D:10)
  2 black bears
  4 orc warriors (D:10)
  A sky beast (D:5)
  3 ogres
  3 centaurs
  2 kobold brigands
  2 necrophages
  5 bullfrogs
  5 scorpions
  5 wights
  7 vampire bats (Bailey)
  A howler monkey (D:9)
  4 wolf zombies (Bailey)
  2 jellies
  5 hounds
  4 gnoll boudas
  8 orc priests
  Crazy Yiuf (D:7)
  5 iguanas
  4 orc wizards
  12 gnolls
  14 adders
  2 shadow imps (D:6)
  2 white imps
  A worm (D:5)
  2 dart slugs
  40 orcs
  6 ball pythons
  A bat (D:1)
  6 endoplasms
  9 goblins
  7 hobgoblins
  A jackal (D:5)
  7 kobolds
  5 quokkas
  5 frilled lizards
  19 orc zombies (Bailey)
  4 rats (D:3)
231 creatures vanquished.

Vanquished Creatures (others)
  A deep elf pyromancer (Orc:1)
  6 plants (D:5)
7 creatures vanquished.

Grand Total: 238 creatures vanquished

Notes
Turn   | Place    | Note
-------+----------+-------------------------------------------
     0 | D:1      | CodingLynx the Minotaur Berserker began the quest for the
                  | Orb.
     0 | D:1      | Reached XP level 1. HP: 19/19 MP: 0/0
    91 | D:1      | Found a faded altar of an unknown god.
   230 | D:1      | Reached XP level 2. HP: 25/27 MP: 1/1
   746 | D:2      | Reached skill level 4 in Polearms
   773 | D:2      | Reached XP level 3. HP: 33/33 MP: 2/2
   789 | D:2      | Reached ** piety under Trog
  1200 | D:2      | Gained mutation: You occasionally shout uncontrollably at
                  | your foes. [potion of mutation]
  1200 | D:2      | Lost mutation: You occasionally shout uncontrollably at
                  | your foes. [potion of mutation]
  1200 | D:2      | Gained mutation: Your muscles are strong. (Str +4, Int/Dex
                  | -1) [potion of mutation]
  1253 | D:3      | Reached XP level 4. HP: 37/41 MP: 3/3
  1509 | D:3      | Reached skill level 5 in Polearms
  2320 | D:4      | Reached XP level 5. HP: 46/47 MP: 4/4
  2731 | D:4      | Found a blossoming altar of Fedhas.
  2915 | D:4      | Reached *** piety under Trog
  2937 | D:4      | Identified the +0 robe of Ugunteog {rN++ Dex-5}
  3058 | D:4      | Found a stormy altar of Qazlal.
  3585 | D:5      | Entered Level 5 of the Dungeon
  3599 | D:5      | Noticed a centaur
  3615 | D:4      | Reached skill level 5 in Fighting
  3615 | D:4      | Reached skill level 6 in Polearms
  3698 | D:4      | Reached XP level 6. HP: 51/56 MP: 5/5
  3971 | D:5      | Noticed a yak
  3971 | D:5      | Noticed a two-headed ogre
  3989 | D:5      | Reached skill level 7 in Polearms
  3994 | D:5      | Killed a yak
  3995 | D:5      | Reached skill level 5 in Armour
  3995 | D:5      | Reached XP level 7. HP: 62/62 MP: 6/6
  4001 | D:5      | Killed a two-headed ogre
  4002 | D:5      | Reached skill level 9 in Polearms
  4002 | D:5      | Reached XP level 8. HP: 71/71 MP: 7/7
  4808 | D:5      | Reached skill level 10 in Polearms
  5068 | D:6      | Found Satwaach's Book Boutique.
  5137 | D:6      | Found a sacrificial altar of Ru.
  5409 | D:6      | Found a staircase to the Ecumenical Temple.
  5424 | D:6      | Reached XP level 9. HP: 81/81 MP: 8/8
  5836 | D:7      | Found a flagged portal.
  5847 | Bailey   | Entered a bailey
  6170 | Bailey   | Reached **** piety under Trog
  6268 | Bailey   | Reached skill level 11 in Polearms
  6485 | Bailey   | Noticed a gargoyle
  6493 | Bailey   | Killed a gargoyle
  7032 | Bailey   | Identified the -2 hat "Emmuse" {Will++}
  7035 | Bailey   | Identified the +1 scale mail "Agyemm" {rPois Int+4}
  7219 | D:7      | Reached skill level 12 in Polearms
  7839 | D:7      | Found a runed translucent door.
  7840 | D:7      | Noticed Crazy Yiuf
  7908 | D:7      | Found a shimmering blue altar of Sif Muna.
  7908 | D:7      | Found a broken altar of Ashenzari.
  7911 | D:7      | Found a bloodstained altar of Trog.
  8065 | D:7      | Killed Crazy Yiuf
  8434 | D:8      | Reached XP level 10. HP: 88/91 MP: 9/9
  8459 | D:8      | Found Xohioh's Weapon Shoppe.
  8790 | D:8      | Noticed Psyche
  8835 | D:8      | Killed Psyche
  9226 | D:8      | Found Xung's General Store.
  9297 | D:8      | Found Lailamike's Assorted Antiques.
  9307 | D:8      | Bought a scroll of identify for 44 gold pieces
  9432 | D:9      | Reached skill level 13 in Polearms
  9703 | D:9      | Noticed Maggie
  9713 | D:9      | Killed Maggie
  9785 | D:9      | Found a hide-covered altar of Uskayaw.
  9828 | D:9      | Found a burning altar of Makhleb.
 10060 | D:9      | Reached skill level 10 in Fighting
 10060 | D:9      | Noticed Harold
 10141 | D:9      | Killed Harold
 10536 | D:10     | Entered Level 10 of the Dungeon
 10648 | D:10     | Reached skill level 10 in Armour
 10723 | D:10     | Found a staircase to the Orcish Mines.
 10774 | D:10     | Found a staircase to the Lair.
 10865 | D:10     | Noticed a boulder beetle
 10885 | D:10     | Killed a boulder beetle
 10886 | D:10     | Reached skill level 14 in Polearms
 11632 | Orc:1    | Entered Level 1 of the Orcish Mines
 11632 | Orc:1    | Noticed an orc knight
 11706 | D:10     | Killed an orc knight
 12025 | D:10     | Reached XP level 11. HP: 101/101 MP: 10/10
 12482 | Orc:1    | Noticed a deep elf pyromancer
 12482 | Orc:1    | Noticed a deep elf pyromancer
 12483 | Orc:1    | Noticed a deep elf zephyrmancer
 12483 | Orc:1    | Noticed a deep elf pyromancer
 12483 | Orc:1    | Noticed a deep elf pyromancer
 12483 | Orc:1    | Noticed a deep elf pyromancer
 12505 | Orc:1    | Killed a deep elf pyromancer
 12639 | Orc:1    | Killed a deep elf pyromancer
 12701 | Orc:1    | Noticed a deep elf zephyrmancer
 12777 | Orc:1    | Noticed a deep elf pyromancer
 12778 | Orc:1    | Noticed a deep elf pyromancer
 12794 | Orc:1    | Killed from afar by a deep elf pyromancer

Illustrated notes

Levels and vault maps discovered:
D:1:      dpeg_arrival_concentric_ovals, layout_rooms,
          shapermc_ecumenical_altar_starsandcircs
D:2:      layout_rooms, kennysheep_another_room
D:3:      layout_basic, hex_large, supply_closet_lemuel
D:4:      layout_basic, fedhas_altar_fruit_tree,
          mainiacjoe_overflow_surrounded_room, dk_noncrumbling_4, st_stairs_5
D:5:      layout_basic, serial_bayou, serial_bayou_ford_a, serial_bayou_shore_b,
          serial_bayou_lagoon_a, serial_bayou_pond_d, minmay_divided_ellipse
D:6:      layout_cave_pools, mainiacjoe_overflow_catwalk,
          minmay_temple_entry_grid, serial_shops, shop
D:7:      layout_loops_corners, minitemple, enter_bailey_4, bh_walls_and_bars,
          uniq_crazy_yiuf_cottage
D:8:      layout_gridville, serial_shops, nicolae_shop_bloodbath_and_beyond,
          nicolae_lakefront_shop, nicolae_shop_trees,
          minmay_misc_feat_diagonals, uniq_psyche
D:9:      layout_irregular_city, mainiacjoe_overflow_catch_the_wave,
          uniq_harold, uniq_maggie
D:10:     layout_stronghold, lair_entry_dummy, orc_0_dummy, serial_bayou_pond_d
Orc:1:    layout_caves, elves_outpost_lemuel

Skill      XL: |  1  2  3  4  5  6  7  8  9 10 11 |
---------------+----------------------------------+-----
Polearms       | 4 5 6 7 9 10 12 14 | 14.8
Fighting       | 4 5 6 7 9 10 11 | 11.0
Armour         | 3 4 5 6 7 9 10 | 10.7
Dodging        | |  2.5

Action                   |  1- 3 |  4- 6 |  7- 9 | 10-12 || total
-------------------------+-------+-------+-------+-------++-------
Melee: Spear             |    72 |   141 |   399 |   231 ||   843
       Headbutt          |     6 |    19 |    44 |    36 ||   105
       Punch             |       |     2 |     2 |     3 ||     7
       Unarmed           |       |       |       |     1 ||     1
 Fire: Sling             |       |    33 |       |       ||    33
Invok: Trog's Hand       |       |     2 |     4 |     6 ||    12
       Berserk           |       |     2 |     2 |     6 ||    10
Evoke: Wand              |       |       |       |     5 ||     5
  Use: Scroll            |     7 |     8 |     4 |     7 ||    26
       Potion            |     1 |       |       |       ||     1
 Stab: Paralysed         |       |       |       |    12 ||    12
Armor: Ring mail         |     7 |    42 |    31 |       ||    80
       Animal skin       |     2 |       |       |       ||     2
       Scale mail        |       |       |    32 |    43 ||    75
Dodge: Dodged            |    23 |    39 |   110 |    64 ||   236
